 Dungeon Crawl Stone Soup version 0.32-a0-616-g9348d4545b (webtiles) character file.

Game seed: 13046080770863751689

21 runemasterragnar the Chopper (level 2, 0/23 HPs)
             Began as a Coglin Gladiator on Mar 6, 2024.
             Slain by a gnoll
             ... wielding a +0 spear
              (7 damage)
             ... on level 1 of the Dungeon.
             The game lasted 00:00:26 (263 turns).

runemasterragnar the Chopper (Coglin Gladiator)      Turns: 263, Time: 00:00:27

Health: 0/23       AC:  4    Str: 14    XL:     2   Next: 87%
Magic:  2/2        EV: 12    Int:  7    God:
Gold:   14         SH:  0    Dex: 15    Spells: 1/1 levels left

rFire   . . .        a - +0 war axe {Aula}
rCold   . . .        f - +0 dagger {Elena}
rNeg    . . .        b - +0 leather armour
rPois   .            c - +0 helmet
rElec   .            (no cloak)
rCorr   .            (no gloves)
SInv    .            (no boots)
Will    .....        (amulet unavailable)
Stlth   +            (ring unavailable)
HPRegen 0.23/turn    (ring unavailable)
MPRegen 0.08/turn    (no gizmo)

%: no passive effects
@: revved
A: off-hand wielding, slow wielding, warmup strikes, no jewellery
a: Invent Gizmo


You were on level 1 of the Dungeon.
You visited 1 branch of the dungeon, and saw 1 of its levels.

You collected 14 gold pieces.

Inventory:

Hand Weapons
 a - a +0 war axe (weapon) {Aula}
 f - a +0 dagger (offhand) {Elena}
Missiles
 d - 3 throwing nets (quivered)
 e - a javelin
Armour
 b - a +0 leather armour (worn)
 c - a +0 helmet (worn)


   Skills:
 + Level 2.3 Fighting
 * Level 3.5 Axes
 + Level 2.1 Throwing
 - Level 2.6 Dodging


You had one spell level left.
You didn't know any spells.
Your spell library contained the following spells:

 Spells                   Type           Power      Damage    Failure   Level
 Freeze                   Ice            0%         1d3       52%         1
 Frozen Ramparts          Ice            0%         1d1       87%         3
 Hailstorm                Conj/Ice       0%         3d5       87%         3


Dungeon Overview and Level Annotations

Branches:
Dungeon (1/15)

Altars:


Innate Abilities, Weirdness & Mutations

You can wield a second weapon in your off-hand.
It takes a long time for you to wield or remove held weapons.
Your first few attacks do less damage.
You cannot equip rings or amulets.


Message History

You closely miss the jackal with your +0 dagger.
You hit the jackal but do no damage. The jackal completely misses you.
The jackal misses you.
The gnoll hits you from afar with a +0 spear!
Unknown command.
You are too injured to fight recklessly!
You are too injured to fight recklessly!
Unknown command.
You miss the jackal with your +0 war axe.
You closely miss the jackal with your +0 dagger.
The jackal misses you. The gnoll hits you but does no damage.
The jackal completely misses you.
You hit the jackal with your +0 dagger.
The jackal is moderately wounded.
You hit the jackal with your +0 war axe.
You kill the jackal!
The gnoll barely misses you.
You hit the jackal with your +0 war axe.
The jackal is moderately wounded.
You barely miss the jackal with your +0 dagger.
The jackal barely misses you. The gnoll barely misses you.
The jackal closely misses you.
You closely miss the jackal with your +0 dagger.
The jackal is moderately wounded.
You hit the jackal but do no damage.
The jackal bites you but does no damage.
The gnoll hits you from afar with a +0 spear!
You closely miss the jackal with your +0 war axe.
The jackal is moderately wounded.
You closely miss the jackal with your +0 dagger.
The jackal closely misses you. The gnoll misses you. The jackal misses you.
The gnoll hits you but does no damage.
You closely miss the jackal with your +0 war axe.
The jackal is moderately wounded.
You barely miss the jackal with your +0 dagger.
The jackal bites you.
The jackal pauses to sniff the ground.
The jackal bites you.
The gnoll hits you from afar with a +0 spear!
You die...

###### ########....# .
#......#.##.# ...
#......#.##.####.....
#......#.##..@h......
####......#.######g.....
........).#...##.# .....
.###..)..........# ....
.###......###.##.# ...
..............##.# ##
#####....####....#
#....# #.#### ####..##
#.# #.#


You could see a gnoll and a jackal.

Vanquished Creatures
  A ball python (D:1)
  A bat (D:1)
  4 endoplasms (D:1)
  A giant cockroach (D:1)
  3 goblins (D:1)
  A hobgoblin (D:1)
  A jackal (D:1)
  2 frilled lizards (D:1)
  3 kobolds (D:1)
  A rat (D:1)
18 creatures vanquished.

Notes
Turn   | Place    | Note
-------+----------+-------------------------------------------
     0 | D:1      | runemasterragnar the Coglin Gladiator began the quest for
                  | the Orb.
     0 | D:1      | Reached XP level 1. HP: 16/16 MP: 1/1
   108 | D:1      | Reached XP level 2. HP: 22/22 MP: 2/2
   263 | D:1      | Slain by a gnoll

Illustrated notes

Levels and vault maps discovered:
D:1:      psy_arrival_basics, layout_basic

Skill      XL: |  1  2 |
---------------+-------+-----
Throwing       | 2 |  2.1
Fighting       | |  2.3
Axes           | |  3.5
Dodging        | |  2.6

Action                     || total
---------------------------++-------
  Melee: War axe           ||    39
         Dagger            ||    33
    Use: Scroll            ||     1
 Armour: Leather armour    ||    23
  Dodge: Dodged            ||    28

Table legend: (Time is in decaauts)
 A = Elapsed time spent in this place.
 B = Non-inter-level travel time spent in this place.
 C = Inter-level travel time spent in this place.
 D = Time resting spent in this place.
 E = Time spent auto-exploring this place.
 F = Levels seen in this place.
 G = Mean time per level.
                   A        B        C        D        E       F      G
               +--------+--------+--------+--------+--------+-----+--------+
         Total |    270 |    270 |      0 |      0 |    168 |   1 |  270.0 |
       Dungeon |    270 |    270 |      0 |      0 |    168 |   1 |  270.0 |
               +--------+--------+--------+--------+--------+-----+--------+

Top non-repeatable levels by time:
     D:1: 270 daAuts
